 Dungeon Crawl Stone Soup version 0.26.1-11-gd32895ea62 (webtiles) character file.

Game seed: 13928260076780664131

26 Descartes the Changer (level 2, -1/12 HPs)
             Began as a Felid Transmuter on June 30, 2021.
             Slain by a jackal (2 damage)
             ... on level 1 of the Dungeon.
             The game lasted 00:01:20 (625 turns).

Descartes the Changer (Felid Transmuter)             Turns: 625, Time: 00:01:20

Health: -1/12      AC:  1    Str:  6    XL:     2   Next: 89%
Magic:  4/6        EV: 18    Int: 14    God:
Gold:   32         SH:  0    Dex: 16    Spells: 4/5 levels left
                                        Lives:  0   Deaths: 0

rFire    + . .     SeeInvis +     - Unarmed
rCold    . . .     Faith    .   (shield unavailable)
rNeg     . . .     Spirit   .   (armour unavailable)
rPois    .         Reflect  .   (helmet unavailable)
rElec    .         Harm     .   (cloak unavailable)
rCorr    .         Rampage  .   (gloves unavailable)
Will     .....                  (boots unavailable)
Stlth    ++........             (no amulet)
HPRegen  0.04/turn              a - ring of protection from fire
MPRegen  0.10/turn              (no ring)

@: appendages, very slightly contaminated, quick
A: very small, no armour, no weapons or thrown items, stealth, claws 1, fangs 3,
horns 2, see invisible, speed 1, shaggy fur 1, sharp paws
a: End Transformation


You were on level 1 of the Dungeon.
You had grown temporary horns.
You visited 1 branch of the dungeon, and saw 1 of its levels.

You collected 32 gold pieces.

Inventory:

Missiles
 e - 42 stones
Jewellery
 a - a ring of protection from fire (left paw)
Scrolls
 c - a scroll of immolation {unknown}
Potions
 b - a potion of berserk rage {unknown}
 d - a potion of curing {unknown}


   Skills:
 - Level 1.0 Fighting
 - Level 2.6 Dodging
 - Level 3.0 Unarmed Combat
 - Level 2.0 Spellcasting
 + Level 3.8 Transmutations


You had 4 spell levels left.
You knew the following spells:

 Your Spells              Type           Power        Failure   Level
a - Beastly Appendage     Tmut           24%          4%          1

Your spell library contained the following spells:

 Spells                   Type           Power        Failure   Level
 Wereblood                Tmut           12%          8%          2
 Spider Form              Tmut/Pois      3%           32%         3
 Ice Form                 Ice/Tmut       6%           71%         4
 Blade Hands              Tmut           6%           80%         5


Dungeon Overview and Level Annotations

Branches:
Dungeon (1/15)

Altars:


Innate Abilities, Weirdness & Mutations

You cannot wear armour.
You are incapable of wielding weapons or throwing items.
Your paws allow you to move quietly. (Stealth)
You have sharp claws.
You have razor-sharp teeth.
You have supernaturally acute eyesight. (SInv)
You cover ground quickly.
You are covered in fur. (AC +1)
Your sharp claws are effective at attacking unaware monsters.
You have a pair of horns on your head.


Message History

The jackal barely misses you.
You closely miss the jackal. Your bite misses the jackal.
The jackal is heavily wounded.
The jackal closely misses you. The jackal barely misses you.
You scratch the jackal.
You kill the jackal!
A jackal comes into view.
Casting: Beastly Appendage (safe; 4% risk of failure)
Confirm with . or Enter, or press ? or * to list all spells.
You miscast Beastly Appendage.
You are very lightly contaminated with residual magic.
Nothing appears to happen.
The jackal barks!
Casting: Beastly Appendage (safe; 4% risk of failure)
Confirm with . or Enter, or press ? or * to list all spells.
You grow a pair of large bovine horns.
The jackal bites you.
* * * LOW HITPOINT WARNING * * *
You closely miss the jackal. The jackal bites you.
You die...

##############
#...h@........
#.############
############.#######
..).................
#.............###.##
#.#########.........
#.# ........#.###.##
#.# ............ #.#
#########.###.#


You could see a jackal.

Vanquished Creatures
  An ooze (D:1)
  2 ball pythons (D:1)
  4 goblins (D:1)
  A hobgoblin (D:1)
  3 jackals (D:1)
  4 kobolds (D:1)
  2 bats (D:1)
  2 frilled lizards (D:1)
  3 rats (D:1)
22 creatures vanquished.

Notes
Turn   | Place    | Note
-------+----------+-------------------------------------------
     0 | D:1      | Descartes the Felid Transmuter began the quest for the Orb.
     0 | D:1      | Reached XP level 1. HP: 9/9 MP: 4/4
   206 | D:1      | Reached XP level 2. HP: 8/12 MP: 6/6
   625 | D:1      | Slain by a jackal

Illustrated notes

Levels and vault maps discovered:
D:1:      psy_arrival_spokes, layout_basic

Skill      XL: |  1 |
---------------+----+-----
Transmutations | 3 |  3.8
Fighting       | |  1.0
Dodging        | |  2.6
Unarmed Combat | |  3.0
Spellcasting   | |  2.0

Action                   || total
-------------------------++-------
Melee: Unarmed           ||    78
       Bite              ||     6
       Headbutt          ||     1
       Punch             ||     1
 Cast: Beastly Appendage ||     6
 Stab: Sleeping          ||     1
Armor: Skin              ||     5
Dodge: Dodged            ||    75
